 Dungeon Crawl Stone Soup version 0.19.1-1-g22dce08 (webtiles) character file.

689 markt42 the Cudgeler (level 7, -3/44 HPs)
             Began as a Gargoyle Fighter on Jan 1, 2017.
             Was an Initiate of Okawaru.
             Slain by an orc warrior
             ... wielding a +0 dire flail
              (19 damage)
             ... on level 4 of the Dungeon.
             The game lasted 00:03:21 (3671 turns).

markt42 the Cudgeler (Gargoyle Fighter)             Turns: 3671, Time: 00:03:22

Health: -3/44      AC: 18    Str: 21      XL:     7   Next: 63%
Magic:  7/7        EV:  4    Int: 14      God:    Okawaru [......]
Gold:   146        SH:  9    Dex:  8 (9)  Spells: 0 memorised, 6 levels left

rFire  . . .     SeeInvis .     a - +0 flail
rCold  . . .     Gourm    .     i - +0 plate armour
rNeg   + . .     Faith    .     c - +0 shield
rPois  ∞         Spirit   .     (no helmet)
rElec  +         Reflect  .     (no cloak)
rCorr  .         Harm     .     p - +0 pair of gloves
MR     +....                    (no boots)
Stlth  ..........               (no amulet)
                                w - +5 ring of intelligence
                                v - ring of protection from magic

@: no status effects
A: negative energy resistance 1, electricity resistance, unbreathing,
petrification resistance, rot immunity, AC +4
a: Renounce Religion


You were on level 4 of the Dungeon.
You worshipped Okawaru.
Okawaru was noncommittal.
You were not hungry.

You visited 2 branches of the dungeon, and saw 5 of its levels.

You collected 146 gold pieces.

Inventory:

Hand Weapons
 a - a +0 flail (weapon)
Armour
 c - a +0 shield (worn)
 i - a +0 plate armour (worn)
 p - a +0 pair of gloves (worn)
Jewellery
 v - a ring of protection from magic (left hand)
 w - a +5 ring of intelligence (right hand)
Wands
 q - a wand of flame (42/48)
Scrolls
 e - a scroll of identify {unknown}
 k - 5 scrolls of teleportation {unknown}
 l - a scroll of blinking {unknown}
 m - a scroll of remove curse {unknown}
 n - a scroll of immolation {unknown}
 s - 3 scrolls of noise {unknown}
Potions
 d - a potion of invisibility {unknown}
 g - 2 potions of curing
 j - a potion of lignification {unknown}
Comestibles
 b - a royal jelly
 f - 4 bread rations
 h - a beef jerky
 o - 2 meat rations


   Skills:
 + Level 4.3 Fighting
 * Level 6.4 Maces & Flails
 + Level 4.8 Armour
 + Level 0.2 Dodging
 + Level 4.6 Shields


You had 6 spell levels left.
You didn't know any spells.

Dungeon Overview and Level Annotations

Branches:
Dungeon (4/15)             Temple (1/1) D:4

Altars:
Ashenzari
Cheibriados
Elyvilon
Gozag
Hepliaklqana
Nemelex Xobeh
Okawaru
Qazlal
Ru
Uskayaw
Vehumet
Xom
Yredelemnul
Zin
The Shining One


Innate Abilities, Weirdness & Mutations

You are resistant to torment.
Your stone body is resilient. (AC +4)
You are immune to poison.
You resist negative energy. (rN+)
You are resistant to electric shocks. (rElec)
You can survive without breathing.
You are immune to petrification.
You are immune to rotting.


Message History

The orc warrior's wounds heal themselves!
The orc warrior barely misses you.
You closely miss the orc warrior.
The orc priest calls upon Beogh to heal the orc wizard.
The orc wizard's wounds heal themselves!
You block the orc warrior's attack.
You hit the orc warrior but do no damage.
The orc wizard gestures wildly while chanting.
The orc wizard flickers and vanishes!
Deactivating autopickup; reactivate with Ctrl-A.
The orc priest mumbles some strange prayers to Beogh against you.
Beogh smites you!
* * * LOW HITPOINT WARNING * * *
You block the orc warrior's attack.
You feel much better. You block the orc warrior's attack.
You hit the orc warrior but do no damage.
The orc priest calls down the wrath of Beogh upon you.
Beogh smites you!
The orc warrior hits you with a dire flail!!
You die...

###### ######....#
#.......#.# #.#######.#
#.##......########
#.##.####.........
#@#.........#####
########o#.....[.#.#
#......{o#.#######)#
#........#.......#)#
#.......########.#.# ###
#..............#.#.#.....
......<...........>...#
....###.###.#..####..##
.... #..............#


You could see an orc warrior and an orc priest.

Vanquished Creatures
  Sigmund (D:3)
  The ghost of Slime the Covered, an amateur MiFi of Gozag (D:3)
  An ogre (D:4)
  A centaur (D:4)
  An iguana (D:4)
  4 gnolls (D:4)
  7 adders
  An ooze (D:2)
  7 worms
  3 dart slugs (D:1)
  A leopard gecko (D:1)
  5 orcs (D:3)
  7 bats
  4 giant cockroaches
  9 hobgoblins
  4 jackals (D:2)
  2 quokkas
  3 ball pythons
  3 frilled lizards
  4 goblins
  4 kobolds
  6 rats
79 creatures vanquished.

Notes
Turn   | Place    | Note
-------+----------+-------------------------------------------
     0 | D:1      | markt42 the Gargoyle Fighter began the quest for the Orb.
     0 | D:1      | Reached XP level 1. HP: 14/14 MP: 1/1
   177 | D:1      | Reached XP level 2. HP: 19/19 MP: 2/2
   709 | D:1      | Reached XP level 3. HP: 22/23 MP: 3/3
   953 | D:2      | Reached skill level 3 in Maces & Flails
  1170 | D:2      | Reached XP level 4. HP: 20/28 MP: 4/4
  1455 | D:2      | Reached skill level 4 in Maces & Flails
  2073 | D:3      | Reached XP level 5. HP: 25/33 MP: 5/5
  2197 | D:3      | Noticed Sigmund
  2203 | D:3      | Killed Sigmund
  2203 | D:3      | Reached skill level 5 in Maces & Flails
  2203 | D:3      | Reached XP level 6. HP: 28/38 MP: 6/6
  2395 | D:3      | Noticed Slime's ghost (amateur MiFi)
  2432 | D:3      | Killed Slime's ghost
  2432 | D:3      | Reached XP level 7. HP: 32/43 MP: 7/7
  2710 | D:3      | Found a glowing golden altar of the Shining One.
  2812 | D:3      | Found a shattered altar of Ashenzari.
  2980 | D:4      | Found a staircase to the Ecumenical Temple.
  3002 | D:4      | Reached skill level 6 in Maces & Flails
  3021 | Temple   | Entered the Ecumenical Temple
  3387 | Temple   | Became a worshipper of Warmaster Okawaru
  3671 | D:4      | Slain by an orc warrior

Skill      XL: |  1  2  3  4  5  6  7 |
---------------+----------------------+-----
Maces & Flails | 3 4 5 6 |  6.4
Armour         | 4 |  4.8
Fighting       | 4 |  4.3
Shields        | 4 |  4.6
Dodging        | |  0.2

Action                   |  1- 3 |  4- 6 |  7- 9 || total
-------------------------+-------+-------+-------++-------
Melee: Flail             |   114 |   175 |   119 ||   408
  Use: Potion            |       |     4 |     2 ||     6
  Eat: Chunk             |       |     5 |     5 ||    10
Armor: Scale mail        |     8 |       |       ||     8
       Plate armour      |    70 |   131 |    76 ||   277
Dodge: Dodged            |    25 |    21 |    24 ||    70
Block: Shield            |    54 |   100 |    68 ||   222
